MID
LEXINGTON LEGENDS @ KANNAPOLIS INTIMIDATORS
04/04/2049
 
TOP OF THE 1ST
Lexington Legends batting - Pitching for Kannapolis Intimidators : RHP Bill Jacobs
Pitching: RHP Bill Jacobs
Batting: RHB Mike Bearden 0-0: Swinging Strike
0-1: Foul Ball, location: 2F
0-2: Ball
1-2: Foul Ball, location: 2F
1-2: Foul Ball, location: 2F
1-2: Foul Ball, location: 2F
1-2: TRIPLE (Flyball, 9D, EV 98.8 MPH)
Batting: RHB Jonas Fernandez 0-0: Ball
1-0: Swinging Strike
1-1: Called Strike
1-2: Fly out, F2 (Popup, 2LF, EV 88.1 MPH)
Batting: RHB Carlos Almada 0-0: Foul Ball, location: 2F
0-1: Foul Ball, location: 2F
0-2: Strikes out swinging
Batting: LHB Joe Cozart 0-0: Called Strike
0-1: Ball
1-1: Called Strike
1-2: Strikes out swinging
Top of the 1st over - 0 runs, 1 hit, 0 errors, 1 left on base; Lexington 0 - Kannapolis 0
BOTTOM OF THE 1ST
Kannapolis Intimidators batting - Pitching for Lexington Legends : LHP Melvin Ontiveros
Pitching: LHP Melvin Ontiveros
Batting: RHB Kunimatsu Oya 0-0: Ball
1-0: Foul Ball, location: 2F
1-1: Ball
2-1: Ball
3-1: Called Strike
3-2: Base on Balls
Batting: SHB Andres Agudo 0-0: Foul Ball, location: 2F
0-1: Called Strike
Kunimatsu Oya is caught stealing 2nd base 2-4
0-2: Foul Ball, location: 2F
0-2: Ball
1-2: Foul Ball, location: 2F
1-2: Ball
2-2: Ball
3-2: Foul Ball, location: 2F
3-2: Foul Ball, location: 2F
3-2: Foul Ball, location: 2F
3-2: Foul Ball, location: 2F
3-2: Foul Ball, location: 2F
3-2: SOLO HOME RUN (Flyball, 7D, EV 95.0 MPH), Distance : 362 ft
Batting: RHB Tony Garcia 0-0: DOUBLE (Flyball, 89XD, EV 105.0 MPH)
Batting: RHB Corey Dalton 0-0: Ball
1-0: Foul Ball, location: 2F
1-1: Ground out 6-3 (Groundball, 6, EV 85.6 MPH)
Batting: RHB Nick Kleckner 0-0: DOUBLE (Line Drive, 9LM, EV 102.5 MPH)
Tony Garcia scores
Batting: RHB Ethan McCullough 0-0: Ball
1-0: Foul Ball, location: 2F
1-1: Swinging Strike
1-2: Reached via error on a dropped throw from 1B, E1 (Groundball, 34S, EV 78.1 MPH)
Nick Kleckner to third
Batting: RHB Toichiro Fujimoto 0-0: Called Strike
0-1: Fielders Choice at 2nd, 5-4 (Groundball, 56, EV 106.9 MPH)
Bottom of the 1st over - 2 runs, 3 hits, 1 error, 2 left on base; Lexington 0 - Kannapolis 2
TOP OF THE 2ND
Lexington Legends batting - Pitching for Kannapolis Intimidators : RHP Bill Jacobs
Batting: LHB Mike Bhatti 0-0: Fly out, F5 (Line Drive, 5, EV 68.8 MPH)
Batting: LHB Vicente Hernandez 0-0: Ball
1-0: Ball
2-0: Ball
3-0: Base on Balls
Batting: RHB Ian Hornsby 0-0: Called Strike
Vicente Hernandez is caught stealing 2nd base 2-4
0-1: Called Strike
0-2: Foul Ball, location: 2F
0-2: SINGLE (Line Drive, 78S, EV 111.9 MPH)
Batting: LHB Shohei Nishi 0-0: Fly out, F8 (Flyball, 8RM, EV 82.5 MPH)
Top of the 2nd over - 0 runs, 1 hit, 0 errors, 1 left on base; Lexington 0 - Kannapolis 2
BOTTOM OF THE 2ND
Kannapolis Intimidators batting - Pitching for Lexington Legends : LHP Melvin Ontiveros
Batting: RHB Kaoru Hamada 0-0: Ball
1-0: Ball
2-0: Bunt for hit to 15S - play at first, batter safe!
Batting: RHB Dave Dominguez 0-0: Foul Ball, location: 2F
0-1: Fly out, F7 (Flyball, 7LSF, EV 87.5 MPH)
Batting: RHB Kunimatsu Oya 0-0: SINGLE (Groundball, 6MD, EV 103.1 MPH)
Kaoru Hamada to second
Batting: SHB Andres Agudo 0-0: Ball
1-0: Foul Ball, location: 2F
1-1: Foul Ball, location: 2F
1-2: Ball
2-2: SINGLE (Flyball, 78S, EV 95.6 MPH)
Kaoru Hamada to third
Kunimatsu Oya to second
Batting: RHB Tony Garcia 0-0: Called Strike
0-1: Foul Ball, location: 2F
0-2: Ball
1-2: GRAND SLAM HOME RUN (Flyball, 78XD, EV 111.2 MPH), Distance : 415 ft
Batting: RHB Corey Dalton 0-0: Called Strike
0-1: Ball
1-1: Ground out 5-3 (Groundball, 5S, EV 94.4 MPH)
Batting: RHB Nick Kleckner 0-0: Ball
1-0: Called Strike
1-1: Fly out, F7 (Line Drive, 7S, EV 95.6 MPH)
Bottom of the 2nd over - 4 runs, 4 hits, 0 errors, 0 left on base; Lexington 0 - Kannapolis 6
TOP OF THE 3RD
Lexington Legends batting - Pitching for Kannapolis Intimidators : RHP Bill Jacobs
Batting: RHB Trevor Kingston 0-0: Ball
1-0: Called Strike
1-1: SINGLE (Line Drive, 6D, EV 98.8 MPH)
Batting: RHB Mike Bearden 0-0: Called Strike
0-1: Foul Ball, location: 2F
0-2: Ball
1-2: Ball
2-2: Ball
3-2: Ground out 5-3 (Groundball, 56, EV 109.4 MPH)
Trevor Kingston to second
Batting: RHB Jonas Fernandez 0-0: Ball
1-0: Ground out 1-3 (Groundball, 13, EV 65.6 MPH)
Trevor Kingston to third
Batting: RHB Carlos Almada 0-0: Ball
1-0: Called Strike
1-1: Ground out 5-3 (Groundball, 56, EV 81.9 MPH)
Top of the 3rd over - 0 runs, 1 hit, 0 errors, 1 left on base; Lexington 0 - Kannapolis 6
BOTTOM OF THE 3RD
Kannapolis Intimidators batting - Pitching for Lexington Legends : LHP Melvin Ontiveros
Pitching: RHP Danny Zuniga
Batting: RHB Ethan McCullough 0-0: Ball
1-0: Fly out, F9 (Line Drive, 9, EV 95.6 MPH)
Batting: RHB Toichiro Fujimoto 0-0: Ball
1-0: Ball
2-0: Foul Ball, location: 2F
2-1: Called Strike
2-2: Strikes out swinging
Batting: RHB Kaoru Hamada 0-0: Foul Ball, location: 2F
0-1: Foul Ball, location: 2F
0-2: Strikes out looking
Bottom of the 3rd over - 0 runs, 0 hits, 0 errors, 0 left on base; Lexington 0 - Kannapolis 6
TOP OF THE 4TH
Lexington Legends batting - Pitching for Kannapolis Intimidators : RHP Bill Jacobs
Batting: LHB Joe Cozart 0-0: Ball
1-0: Ball
2-0: Ball
3-0: Called Strike
3-1: Fly out, F9 (Flyball, 9, EV 87.5 MPH)
Batting: LHB Mike Bhatti 0-0: Called Strike
0-1: SINGLE (Groundball, 4MD, EV 108.1 MPH)
Batting: LHB Vicente Hernandez 0-0: Called Strike
0-1: Ball
1-1: Called Strike
1-2: Foul Ball, location: 2F
1-2: Fielders Choice at 2nd, 4-6 (Groundball, 4, EV 90.0 MPH)
Batting: RHB Ian Hornsby 0-0: Foul Ball, location: 2F
0-1: Ball
1-1: Foul Ball, location: 2F
1-2: Ball
2-2: Strikes out swinging
Top of the 4th over - 0 runs, 1 hit, 0 errors, 1 left on base; Lexington 0 - Kannapolis 6
BOTTOM OF THE 4TH
Kannapolis Intimidators batting - Pitching for Lexington Legends : RHP Danny Zuniga
Batting: RHB Dave Dominguez 0-0: Called Strike
0-1: Foul Ball, location: 2F
0-2: Ball
1-2: Strikes out looking
Batting: RHB Kunimatsu Oya 0-0: Ball
1-0: Foul Ball, location: 2F
1-1: Foul Ball, location: 2F
1-2: SINGLE (Line Drive, 56D, EV 96.2 MPH)
Batting: SHB Andres Agudo 0-0: SINGLE (Line Drive, 78S, EV 103.1 MPH)
Kunimatsu Oya to second
Batting: RHB Tony Garcia 0-0: Called Strike
0-1: Called Strike
0-2: Ball
1-2: Ball
2-2: Foul Ball, location: 2F
2-2: Ball
3-2: Foul Ball, location: 2F
3-2: Foul Ball, location: 2F
3-2: Foul Ball, location: 2F
3-2: Base on Balls
Kunimatsu Oya to third
Andres Agudo to second
Batting: RHB Corey Dalton 0-0: Foul Ball, location: 2F
0-1: SINGLE (Line Drive, 78S, EV 97.5 MPH)
Kunimatsu Oya scores
Andres Agudo to third
Tony Garcia to second
Runner from 3rd tries for Home, throw by LF and OUT! 7-2
Batting: RHB Nick Kleckner 0-0: Ball
1-0: Ball
2-0: Fly out, F9 (Flyball, 89S, EV 80.0 MPH)
Bottom of the 4th over - 1 run, 3 hits, 0 errors, 2 left on base; Lexington 0 - Kannapolis 7
TOP OF THE 5TH
Lexington Legends batting - Pitching for Kannapolis Intimidators : RHP Bill Jacobs
Batting: LHB Shohei Nishi 0-0: Swinging Strike
0-1: Ball
1-1: Swinging Strike
1-2: Foul Ball, location: 2F
1-2: Ground out 6-3 (Groundball, 6, EV 79.4 MPH)
Batting: RHB Trevor Kingston 0-0: Foul Ball, location: 2F
0-1: Foul Ball, location: 2F
0-2: Strikes out swinging
Batting: RHB Mike Bearden 0-0: Called Strike
0-1: Ball
1-1: Called Strike
1-2: Ground out 4-3 (Groundball, 34D, EV 84.4 MPH)
Top of the 5th over - 0 runs, 0 hits, 0 errors, 0 left on base; Lexington 0 - Kannapolis 7
BOTTOM OF THE 5TH
Kannapolis Intimidators batting - Pitching for Lexington Legends : RHP Danny Zuniga
Batting: RHB Ethan McCullough 0-0: Ball
1-0: Ball
2-0: Ball
3-0: Called Strike
3-1: Called Strike
3-2: Foul Ball, location: 2F
3-2: Base on Balls
Pitching: RHP Paul Gibbens
Batting: RHB Toichiro Fujimoto Balk!
Ethan McCullough to second
0-0: Called Strike
0-1: Ball
1-1: Swinging Strike
1-2: Ground out 1-3 (Groundball, 15S, EV 68.1 MPH)
Batting: RHB Kaoru Hamada 0-0: Ball
1-0: Called Strike
1-1: SINGLE (Line Drive, 89S, EV 109.4 MPH)
Ethan McCullough to third
Runner from 3rd tries for Home, throw by RF and OUT! 9-2
Batting: RHB Dave Dominguez 0-0: Fly out, F3 (Popup, 3SF, EV 82.5 MPH)
Bottom of the 5th over - 0 runs, 1 hit, 0 errors, 1 left on base; Lexington 0 - Kannapolis 7
TOP OF THE 6TH
Lexington Legends batting - Pitching for Kannapolis Intimidators : RHP Bill Jacobs
Batting: RHB Jonas Fernandez 0-0: Called Strike
0-1: SINGLE (Line Drive, 6D, EV 105.6 MPH)
Batting: RHB Carlos Almada 0-0: Called Strike
0-1: Ball
1-1: Fly out, F7 (Line Drive, 78M, EV 101.9 MPH)
Batting: LHB Joe Cozart 0-0: Foul Ball, location: 2F
0-1: Ball
1-1: Ball
2-1: Foul Ball, location: 2F
2-2: Grounds into double play, 5-4-3 (Groundball, 56, EV 109.4 MPH)
Top of the 6th over - 0 runs, 1 hit, 0 errors, 0 left on base; Lexington 0 - Kannapolis 7
BOTTOM OF THE 6TH
Kannapolis Intimidators batting - Pitching for Lexington Legends : RHP Paul Gibbens
Batting: RHB Kunimatsu Oya 0-0: Ball
1-0: Ball
2-0: Called Strike
2-1: Foul Ball, location: 2F
2-2: Ball
3-2: Base on Balls
Batting: SHB Andres Agudo 0-0: Ball
1-0: Ball
2-0: Called Strike
2-1: Ball
3-1: Grounds into double play, 5-4-3 (Groundball, 56, EV 88.8 MPH)
Batting: RHB Tony Garcia 0-0: Ball
1-0: Ball
2-0: Ball
3-0: Called Strike
3-1: Fly out, F8 (Flyball, 78M, EV 91.2 MPH)
Bottom of the 6th over - 0 runs, 0 hits, 0 errors, 0 left on base; Lexington 0 - Kannapolis 7
TOP OF THE 7TH
Lexington Legends batting - Pitching for Kannapolis Intimidators : RHP Bill Jacobs
Batting: LHB Mike Bhatti 0-0: Called Strike
0-1: Called Strike
0-2: SINGLE (Groundball, 34D, EV 101.2 MPH)
Pinch Hitting: LHB David Bearden 0-0: Ball
1-0: Foul Ball, location: 2F
1-1: Called Strike
1-2: Ball
2-2: Ball
3-2: Base on Balls
Mike Bhatti to second
Pitching: LHP Keith O'Brien
Batting: RHB Ian Hornsby 0-0: Called Strike
0-1: Ball
1-1: DOUBLE (Groundball, 5L, EV 100.0 MPH)
Mike Bhatti scores
David Bearden to third
Batting: LHB Shohei Nishi 0-0: Foul Ball, location: 2F
0-1: Ball
1-1: Called Strike
1-2: Fly out, F6 (Line Drive, 6M, EV 74.4 MPH)
Lined into DP, U6 (Line Drive, 6M, EV 68.1 MPH)
Batting: RHB Trevor Kingston 0-0: Called Strike
0-1: Foul Ball, location: 2F
0-2: Ball
1-2: Foul Ball, location: 2F
1-2: Ball
2-2: Ball
3-2: Base on Balls
Batting: RHB Mike Bearden 0-0: Ground out 4-3 (Groundball, 34S, EV 85.0 MPH)
Top of the 7th over - 1 run, 2 hits, 0 errors, 2 left on base; Lexington 1 - Kannapolis 7
BOTTOM OF THE 7TH
Kannapolis Intimidators batting - Pitching for Lexington Legends : RHP Paul Gibbens
Now at 1B: Chance Argy
Batting: RHB Corey Dalton 0-0: Foul Ball, location: 2F
0-1: Ball
1-1: Ball
2-1: Ground out 6-3 (Groundball, 6, EV 100.6 MPH)
Batting: RHB Nick Kleckner 0-0: Ball
1-0: Fly out, F7 (Flyball, 78M, EV 96.2 MPH)
Batting: RHB Ethan McCullough 0-0: Foul Ball, location: 2F
0-1: Ball
1-1: Swinging Strike
1-2: Strikes out looking
Bottom of the 7th over - 0 runs, 0 hits, 0 errors, 0 left on base; Lexington 1 - Kannapolis 7
TOP OF THE 8TH
Lexington Legends batting - Pitching for Kannapolis Intimidators : LHP Keith O'Brien
Batting: RHB Jonas Fernandez 0-0: Ball
1-0: Foul Ball, location: 2F
1-1: Ball
2-1: Ball
3-1: Base on Balls
Batting: RHB Carlos Almada 0-0: Ball
1-0: Foul Ball, location: 2F
1-1: Grounds into double play, 6-4-3 (Groundball, 6, EV 83.8 MPH)
Batting: LHB Joe Cozart 0-0: Ball
1-0: Called Strike
1-1: Ball
2-1: Fly out, F4 (Line Drive, 4, EV 61.9 MPH)
Top of the 8th over - 0 runs, 0 hits, 0 errors, 0 left on base; Lexington 1 - Kannapolis 7
BOTTOM OF THE 8TH
Kannapolis Intimidators batting - Pitching for Lexington Legends : RHP Paul Gibbens
Batting: RHB Toichiro Fujimoto 0-0: Ball
1-0: Ball
2-0: Foul Ball, location: 2F
2-1: Ball
3-1: Foul Ball, location: 2F
3-2: Foul Ball, location: 2F
3-2: Base on Balls
Pitching: RHP Mike Galvin
Batting: RHB Kaoru Hamada 0-0: Called Strike
0-1: Foul Ball, location: 2F
0-2: Ball
1-2: Ball
2-2: Ball
3-2: Foul Ball, location: 2F
3-2: Strikes out swinging
Batting: RHB Dave Dominguez 0-0: Called Strike
0-1: Fielders Choice at 2nd, 3-6 (Groundball, 3, EV 85.0 MPH)
Batting: RHB Kunimatsu Oya 0-0: Called Strike
0-1: Ground out 5-3 (Groundball, 56S, EV 66.2 MPH)
Bottom of the 8th over - 0 runs, 0 hits, 0 errors, 1 left on base; Lexington 1 - Kannapolis 7
TOP OF THE 9TH
Lexington Legends batting - Pitching for Kannapolis Intimidators : LHP Keith O'Brien
Batting: LHB Mike Bhatti 0-0: Called Strike
0-1: Called Strike
0-2: Strikes out swinging
Batting: RHB Chance Argy 0-0: Called Strike
0-1: Fly out, F9 (Flyball, 9, EV 90.6 MPH)
Batting: RHB Ian Hornsby 0-0: Called Strike
0-1: Ball
1-1: Foul Ball, location: 2F
1-2: Ball
2-2: Ball
3-2: Ground out 6-3 (Groundball, 6, EV 90.0 MPH)
Top of the 9th over - 0 runs, 0 hits, 0 errors, 0 left on base; Lexington 1 - Kannapolis 7
Sunday, July 16th , 2023 - OOTP Baseball 24.6 Build 69